[Event "Late-Titled-Tuesday-Blitz-June-04-2024"]
[Site "Chess.com"]
[Date "2024.06.04"]
[Round "5"]
[White "Bob_2004"]
[Black "MatthewG-p4p"]
[Result "0-1"]
[WhiteElo "2642"]
[BlackElo "2891"]
[TimeControl "180+1"]
[EndTime "14:58:04 PDT"]
[Termination "MatthewG-p4p won by resignation"]

1. d4 Nf6 2. c4 c5 3. d5 e6 4. Nc3 exd5 5. cxd5 d6 6. Nf3 g6 7. Bf4 Bg7 8. Qa4+ Bd7 9. Qb3 b5 10. Bxd6 Qb6 11. Be5 O-O 12. e3 c4 13. Qd1 b4 14. Nb1 Rc8 15. a3 c3 16. bxc3 b3 17. Nbd2 b2 18. Rb1 Nxd5 19. Nc4 Qc5 20. Rxb2 Nxc3 21.
Qd4 Qxd4 22. exd4 Nc6 23. Bxg7 Kxg7 24. Bd3 Re8+ 25. Kd2 Nd5 26. Re1 Rxe1 27. Kxe1 Nf4 28. Bf1 Be6 29. g3 Bd5 30. Nfe5 Ne6 31. Ne3 Nxe5 32.
dxe5 Bc6 33. Bc4 Nd4 34. f4 Rc8 35. Kf2 Rc7 36. Rb8 h5 37. h3 Be4 38. Bd5 Bf5 39. g4 hxg4 40. hxg4 Be6 41. Bxe6 fxe6 42. Rd8 Nb5 43. a4 Nc3 44. a5 Kf7 45. Kg3 Ne4+ 46. Kf3 Nc5 47. Nc4 Nb3 48. Nd6+ Ke7 49. Rg8 Nxa5 50.
Rg7+ Kd8 51. Rxg6 Rc3+ 52. Ke4 Nb3 53. Rg8+ Kd7 54. Rg7+ Kc6 55. Rxa7 Nc5+ 56. Kd4 Rd3+ 57. Kc4 Rf3 58. f5 Rf4+ 59. Kc3 Rxg4 60. f6 Rf4 61. f7 Nd7 62. Ra6+ Kd5 63. Ra5+ Kc6 64. Ra6+ Kd5 65. Ra7 Nxe5 66. Ne8 Nxf7 67. Nc7+ Kd6 68. Nb5+ Kc5 69. Na3 Rf3+ 70. Kd2 Nd6 71. Nc2 Rf2+ 72. Kd3 Rf3+ 73. Ke2 Rh3 74. Ne3 Kd4 75. Ra4+ Ke5 76. Ra5+ Kf4 77. Ng2+ Ke4 78. Ra4+ Ke5 79. Ne3 Rh2+ 80.
Kf3 Rh8 81. Ng4+ Kd5 82. Ne3+ Kc6 83. Rf4 Rh1 84. Kg2 Rh8 85. Kf3 Rh3+ 86. Ke2 e5 87. Rf6 Kd7 88. Rg6 Nb5 89. Ng4 Nd4+ 90. Kf2 Nc6 91.
Rg7+ Ke6 92. Rg6+ Kd5 93. Ne3+ Kc5 94. Ng4 Rh8 95. Rg5 Rf8+ 96. Ke3 Kd5 97. Rg6 Nd4 98. Nf6+ Kc4 99. Ne4 Rf3+ 100. Kd2 Rd3+ 101. Ke1 Re3+ 102. Kd2 Rxe4 103. Rg3 Re2+ 104. Kd1 Ra2 105. Rh3 e4 106. Rh4 e3 107. Kc1 e2 108. Re4 Kd3 109. Re8 Ra1+ 110. Kb2 e1=Q 0-1

[Event "Late-Titled-Tuesday-Blitz-June-04-2024"]
[Site "Chess.com"]
[Date "2024.06.04"]
[Round "5"]
[White "baki83"]
[Black "Msb2"]
[Result "1-0"]
[WhiteElo "2925"]
[BlackElo "3034"]
[TimeControl "180+1"]
[EndTime "14:58:17 PDT"]
[Termination "baki83 won by checkmate"]

1. e4 e6 2. d4 d5 3. exd5 exd5 4. Nf3 Nc6 5. h3 a6 6. c3 Bd6 7. Bd3 Nge7 8. O-O Bf5 9. Re1 Qd7 10. Ne5 Bxe5 11.
dxe5 O-O 12. Bf4 Rfe8 13. Bh2 Rad8 14. Bf1 d4 15. Na3 Qe6 16. Qb3 Qxb3 17. axb3 dxc3 18. bxc3 Bd3 19. e6 Bxf1 20. exf7+ Kxf7 21. Kxf1 Rd3 22. Rac1 Nd5 23. Rxe8 Kxe8 24. Nb1 Nf6 25. Bxc7 Rd7 26.
Bf4 Kf7 27. Re1 Na5 28. b4 Nc4 29. Ke2 Re7+ 30. Kf1 Rxe1+ 31. Kxe1 Nd5 32. Bh2 b6 33. Ke2 Nb2 34. Kd2 a5 35. Kc2 Nc4 36. Kd3 b5 37. bxa5 Nxa5 38. Kd4 Ke6 39. Kc5 Nc4 40. Kxb5 Nb2 41.
c4 Nf6 42. f3 Nd3 43. c5 Ne1 44. c6 Nxg2 45. Nc3 Ne8 46. c7 Nxc7+ 47. Bxc7 Nh4 48.
f4 Kf5 49. Ne2 g5 50. fxg5 Kxg5 51. Kc4 Ng6 52. Kd3 Kh4 53. Ng1 Kg5 54. Ke4 h5 55. Nf3+ Kf6 56. Bd6 Ke6 57. Bb4 Kf6 58. Ba3 Ke6 59. Bb4 Kf6 60. Bc3+ Ke6 61. Ng5+ Ke7 62. Kf5 Nh4+ 63. Kf4 Ng6+ 64. Ke4 Kd6 65. Kf5 Nh4+ 66. Kf6 Kd5 67. Kg7 Ng2 68. Kg6 h4 69. Kh5 Kc4 70.
Ba1 Kd3 71. Kg4 Ke2 72. Be5 Kf2 73. Bf6 Ke2 74. Ne6 Ne3+ 75. Kxh4 Kf3 76. Nd4+ Ke4 77. Nb5 Nd5 78. Ba1 Kf5 79. Nd4+ Kg6 80. Ne2 Ne3 81.
Bd4 Nf5+ 82. Kg4 Nh6+ 83. Kf4 Kh5 84. Bf2 Nf7 85. Kf3 Ng5+ 86. Kg2 Nxh3 87. Kxh3 Kg5 88. Kg3 Kf5 89. Kf3 Ke5 90. Nf4 Kf5 91. Bd4 Kg5 92.
Ke4 Kg4 93. Bf6 Kg3 94. Ng6 Kg4 95. Ne5+ Kg3 96. Ke3 Kh3 97. Kf3 Kh2 98. Ng4+ Kh3 99. Nf2+ Kh2 100. Be5+ Kg1 101. Ng4 Kf1 102. Nh2+ Kg1 103. Ng4 Kf1 104. Bd4 Ke1 105. Ke3 Kf1 106. Kf3 Ke1 107.
Nf2 Kd2 108. Be5 Kc2 109. Ke3 Kb3 110. Kd3 Kb4 111. Kd4 Kb5 112. Ne4 Kc6 113. Kc4 Kb6 114. Bd4+ Kc6 115. Nc3 Kd6 116. Nb5+ Kc6 117. Be5 Kb6 118. Nd6 Kc6 119. Nb5 Kb6 120. Nd4 Kb7 121. Kc5 Ka6 122. Kc6 Ka7 123. Bd6 Ka6 124. Bb8 Ka5 125. Nb5 Ka6 126. Nc7+ Ka5 127. Nd5 Ka6 128. Nb6 Ka5 129. Nd5 Ka6 130. Bc7 Ka7 131. Bb6+ Ka6 132. Nc7# 1-0

[Event "Late-Titled-Tuesday-Blitz-June-04-2024"]
[Site "Chess.com"]
[Date "2024.06.04"]
[Round "6"]
[White "PNEPaul"]
[Black "NovakRatko"]
[Result "0-1"]
[WhiteElo "1928"]
[BlackElo "2299"]
[TimeControl "180+1"]
[EndTime "15:00:18 PDT"]
[Termination "NovakRatko won by resignation"]

1. e4 d5 2. d4 dxe4 3. f3 e5 4. d5 exf3 5. Nxf3 e4 6. Qe2 f5 7. Nc3 Nf6 8. Bg5 Be7 9. Bxf6 Bxf6 10. O-O-O Bxc3 11. bxc3 O-O 12. Ng5 Qxg5+ 0-1

[Event "Late-Titled-Tuesday-Blitz-June-04-2024"]
[Site "Chess.com"]
[Date "2024.06.04"]
[Round "6"]
[White "AldokhinIvan"]
[Black "omer1997"]
[Result "1-0"]
[WhiteElo "2650"]
[BlackElo "2521"]
[TimeControl "180+1"]
[EndTime "15:00:47 PDT"]
[Termination "AldokhinIvan won by resignation"]

1. e4 e5 2. Nf3 Nf6 3. d4 Nxe4 4. Bd3 d5 5. Nxe5 Nd7 6. Qe2 Nxe5 7. Bxe4 dxe4 8. Qxe4 Bd6 9. dxe5 Qe7 10. f4 f6 11.
O-O Bd7 12. Nc3 1-0

[Event "Late-Titled-Tuesday-Blitz-June-04-2024"]
[Site "Chess.com"]
[Date "2024.06.04"]
[Round "6"]
[White "Flawless_Fighter"]
[Black "Crasyhealer"]
[Result "1-0"]
[WhiteElo "2678"]
[BlackElo "2529"]
[TimeControl "180+1"]
[EndTime "15:00:58 PDT"]
[Termination "Flawless_Fighter won by resignation"]

1. d4 Nf6 2. Nf3 d5 3. Bf4 Bg4 4. Nbd2 e6 5. e3 Bd6 6. Bxd6 cxd6 7. c4 dxc4 8. Bxc4 d5 9. Bb5+ Nc6 10. Bxc6+ bxc6 11. Rc1 Qb6 12. Qc2 O-O 13. b3 Rfc8 14. O-O a5 15. h3 Bf5 16. Qc5 Qb7 17. Ne5 Bd3 18. Nxd3 Nd7 19. Qd6 Nb6 20. Ne5 f6 21. Nxc6 Nc4 22. Qxe6+ Kh8 23. bxc4 Rxc6 24. Qxd5 1-0

[Event "Late-Titled-Tuesday-Blitz-June-04-2024"]
[Site "Chess.com"]
[Date "2024.06.04"]
[Round "6"]
[White "WPWPWP-2015"]
[Black "Bob_2004"]
[Result "1-0"]
[WhiteElo "2536"]
[BlackElo "2631"]
[TimeControl "180+1"]
[EndTime "15:01:12 PDT"]
[Termination "WPWPWP-2015 won by resignation"]

1. e4 c5 2. Nf3 Nf6 3. Nc3 d5 4. exd5 Nxd5 5. Bc4 Nb6 6. Be2 Nc6 7. O-O Bg4 8. h3 Bh5 9. a4 e6 10. a5 Nd5 11. a6 b6 12. Bb5 Rc8 13. g4 Bg6 14. Ne5 Ne7 15. Qf3 Qc7 16. Re1 f6 17. Nxc6 e5 18. Nxe7+ Kxe7 1-0

[Event "Late-Titled-Tuesday-Blitz-June-04-2024"]
[Site "Chess.com"]
[Date "2024.06.04"]
[Round "6"]
[White "Harry_Rakkel"]
[Black "Michalczak"]
[Result "1-0"]
[WhiteElo "2693"]
[BlackElo "2522"]
[TimeControl "180+1"]
[EndTime "15:01:53 PDT"]
[Termination "Harry_Rakkel won by resignation"]

1. e4 e5 2. Nc3 Nf6 3. g3 d5 4.
exd5 Nxd5 5. Bg2 Nxc3 6. bxc3 Nc6 7. Nf3 Bg4 8. h3 Bh5 9. O-O Bc5 10. g4 Bg6 11. d4 exd4 12. Re1+ Be7 13. Nxd4 O-O 14.
Bxc6 Bf6 15. Bxb7 c5 16. Ne2 Qc7 17. Bxa8 Rxa8 18. Bf4 Qc6 19. Rb1 Rd8 20. Rb8 Rxb8 21. Bxb8 Qf3 22. Ng3 Qc6 23. Qd6 1-0

[Event "Late-Titled-Tuesday-Blitz-June-04-2024"]
[Site "Chess.com"]
[Date "2024.06.04"]
[Round "6"]
[White "dosto07"]
[Black "zenitushka"]
[Result "1-0"]
[WhiteElo "2513"]
[BlackElo "2360"]
[TimeControl "180+1"]
[EndTime "15:01:54 PDT"]
[Termination "dosto07 won by resignation"]

1. e4 e6 2. d4 d5 3. Nd2 Nc6 4.
Ngf3 Nf6 5. e5 Nd7 6. Be2 f6 7.
exf6 Qxf6 8. Nf1 Bd6 9. Ne3 O-O 10. O-O Qg6 11. h3 Nf6 12. c4 Ne7 13. c5 Bf4 14.
Bd3 Ne4 15. Ng4 Qh5 16. Nfe5 Bxc1 17. Bxe4 Nf5 18. Nf6+ 1-0

[Event "Late-Titled-Tuesday-Blitz-June-04-2024"]
[Site "Chess.com"]
[Date "2024.06.04"]
[Round "6"]
[White "AustinThomas12345"]
[Black "YurasovMat-2012"]
[Result "1/2-1/2"]
[WhiteElo "2483"]
[BlackElo "2593"]
[TimeControl "180+1"]
[EndTime "15:02:08 PDT"]
[Termination "Game drawn by repetition"]

1. e4 e5 2. Nf3 Nf6 3. Nc3 Bb4 4. Nxe5 O-O 5. Nd3 Bxc3 6. dxc3 Nxe4 7. Be2 d5 8. O-O Bf5 9. Nf4 c6 10. f3 Qb6+ 11. Qd4 Nc5 12. Be3 Nbd7 13. Nh5 f6 14. Qf4 Rfe8 15. b4 Ne6 16. Bxb6 Nxf4 17. Nxf4 axb6 18. Bd3 Bxd3 19. cxd3 g5 20. Nh5 Ra3 21. Rfe1 Rxe1+ 22. Rxe1 Kf7 23. Ng3 Rxc3 24. Nf5 Ne5 25.
d4 Ng6 26. Nd6+ Kf8 27. Re8+ Kg7 28. Nf5+ Kf7 29. Nd6+ Kg7 30. Nf5+ Kf7 31. Nd6+ Kg7 1/2-1/2

[Event "Late-Titled-Tuesday-Blitz-June-04-2024"]
[Site "Chess.com"]
[Date "2024.06.04"]
[Round "6"]
[White "scrambleyourbrain"]
[Black "cristiano78"]
[Result "1-0"]
[WhiteElo "2376"]
[BlackElo "2224"]
[TimeControl "180+1"]
[EndTime "15:02:11 PDT"]
[Termination "scrambleyourbrain won by resignation"]

1. e4 c5 2. Nf3 d6 3. d4 cxd4 4. Nxd4 Nf6 5. Nc3 a6 6. Be3 e5 7. Nb3 Be6 8. f3 Be7 9. Qd2 Nc6 10. O-O-O O-O 11. g4 Rc8 12. g5 Nd7 13. h4 b5 14. Bh3 Nb6 15. Nd5 Nc4 16. Qe2 Nxe3 17. Qxe3 Bxd5 18. exd5 Nb4 19. Bxc8 Qxc8 20. c3 a5 21. Kb1 a4 22. cxb4 axb3 23. Qxb3 Qf5+ 24. Qd3 Qf4 25. Qe4 Qg3 26. Qe3 f5 27. Rdg1 f4 28. Qe2 1-0

[Event "Late-Titled-Tuesday-Blitz-June-04-2024"]
[Site "Chess.com"]
[Date "2024.06.04"]
[Round "6"]
[White "Kimkibo"]
[Black "FlemingA"]
[Result "1-0"]
[WhiteElo "2352"]
[BlackElo "2474"]
[TimeControl "180+1"]
[EndTime "15:02:12 PDT"]
[Termination "Kimkibo won by resignation"]

1. d4 d6 2. c4 g6 3. Nc3 Nf6 4. e4 Bg7 5. Be2 O-O 6. g4 e5 7. g5 Nh5 8. Bxh5 gxh5 9. d5 Bg4 10. f3 Bd7 11. Be3 c6 12. Nge2 cxd5 13. Nxd5 Be6 14.
Nf6+ Bxf6 15. gxf6 Qxf6 16. Bg5 Qxf3 17. Rg1 Kh8 18.
Qd3 Qg4 19. Rxg4 hxg4 20. Bf6+ Kg8 21. Qe3 1-0

[Event "Late-Titled-Tuesday-Blitz-June-04-2024"]
[Site "Chess.com"]
[Date "2024.06.04"]
[Round "6"]
[White "profedechess93"]
[Black "WilliamAlfaroCaracas"]
[Result "1-0"]
[WhiteElo "2595"]
[BlackElo "2374"]
[TimeControl "180+1"]
[EndTime "15:02:30 PDT"]
[Termination "profedechess93 won by resignation"]

1. e4 c5 2. Nf3 Nc6 3. Bb5 g6 4. c3 Bg7 5. d4 cxd4 6. cxd4 Qb6 7. Nc3 a6 8. Ba4 Qd8 9. d5 b5 10. Bb3 Na5 11. d6 e6 12. Bg5 Qe7 13. dxe7 1-0

[Event "Late-Titled-Tuesday-Blitz-June-04-2024"]
[Site "Chess.com"]
[Date "2024.06.04"]
[Round "6"]
[White "pavelalexandru07"]
[Black "glucolisis04"]
[Result "1-0"]
[WhiteElo "2460"]
[BlackElo "2272"]
[TimeControl "180+1"]
[EndTime "15:02:40 PDT"]
[Termination "pavelalexandru07 won by resignation"]

1. e4 c5 2. Nf3 Nc6 3. d4 cxd4 4. Nxd4 Nf6 5. Nc3 e5 6. Ndb5 d6 7. Bg5 a6 8. Na3 b5 9. Nd5 Be7 10. Bxf6 Bxf6 11. c3 Ne7 12. Nxf6+ gxf6 13. Nc2 d5 14. Bd3 Bb7 15. Qe2 dxe4 16. Bxe4 Bxe4 17. Qxe4 Qd5 18. Qxd5 Nxd5 19. Rd1 Rd8 20. O-O Ke7 21. Rfe1 Ke6 22. Nd4+ Kd6 23. Nf5+ Ke6 24. Ng7+ Ke7 25. g3 Nb6 26.
Nf5+ Ke6 27. Nd4+ Rxd4 28. Rxd4 Nc4 29. b3 Nb6 30. Rd3 Rc8 31. Red1 Kf5 32. f3 e4 33. fxe4+ Kxe4 34. Kf2 Rc5 35. Re3+ Kf5 36. Rf3+ Kg6 37. Rd6 Nd5 38. c4 bxc4 39. bxc4 1-0

[Event "Late-Titled-Tuesday-Blitz-June-04-2024"]
[Site "Chess.com"]
[Date "2024.06.04"]
[Round "6"]
[White "AndresDelgado77"]
[Black "th3d4rkness"]
[Result "1-0"]
[WhiteElo "2351"]
[BlackElo "2177"]
[TimeControl "180+1"]
[EndTime "15:02:51 PDT"]
[Termination "AndresDelgado77 won by resignation"]

1. e4 c5 2. Nf3 Nc6 3. b4 cxb4 4. d4 g6 5. a3 bxa3 6. d5 Nb8 7. Qd4 f6 8. Nxa3 Bg7 9. Nb5 Na6 10. d6 e5 11.
Qd5 Qc7 12. Nxc7+ 1-0

[Event "Late-Titled-Tuesday-Blitz-June-04-2024"]
[Site "Chess.com"]
[Date "2024.06.04"]
[Round "6"]
[White "MatthewG-p4p"]
[Black "TanitoluwaAps116"]
[Result "1-0"]
[WhiteElo "2895"]
[BlackElo "2704"]
[TimeControl "180+1"]
[EndTime "15:02:58 PDT"]
[Termination "MatthewG-p4p won by resignation"]

1. f4 d5 2. Nf3 c5 3. g3 Nc6 4. Bg2 g6 5. O-O Bg7 6. d3 Nf6 7. Nc3 d4 8. Na4 Qa5 9. c4 Nd7 10. a3 O-O 11. Rb1 e5 12. b4 Qc7 13. Nxc5 Nxc5 14.
bxc5 Rb8 15. Ng5 Qe7 16. Ne4 Rd8 17. fxe5 Qxe5 1-0

[Event "Late-Titled-Tuesday-Blitz-June-04-2024"]
[Site "Chess.com"]
[Date "2024.06.04"]
[Round "6"]
[White "rikchessmx"]
[Black "King_Deded4d5"]
[Result "0-1"]
[WhiteElo "2342"]
[BlackElo "2445"]
[TimeControl "180+1"]
[EndTime "15:02:59 PDT"]
[Termination "King_Deded4d5 won by checkmate"]

1. e4 e6 2. d4 d5 3. Nc3 Nf6 4.
Bg5 Bb4 5. e5 h6 6. Bd2 Bxc3 7.
bxc3 Ne4 8. Qg4 Kf8 9. Bd3 Nxd2 10. Kxd2 c5 11. h4 Nc6 12. Rh3 c4 13. Rg3 cxd3 14.
Qxg7+ Ke7 15. Qf6+ Kd7 16. Qxf7+ Qe7 17. Qg6 dxc2 18. Rf3 Rh7 19. Rf6 Kc7 20. Nf3 Bd7 21.
Qxc2 Rg8 22. g3 Rf8 23. Rxf8 Qxf8 24. Qxh7 Qxf3 25. Rf1 Na5 26. Qxh6 Nc4+ 27. Kc1 Qxc3+ 28. Kd1 Ba4+ 29. Ke2 Qc2+ 30. Kf3 Qe4# 0-1

[Event "Late-Titled-Tuesday-Blitz-June-04-2024"]
[Site "Chess.com"]
[Date "2024.06.04"]
[Round "6"]
[White "mightysmasher"]
[Black "rhwr"]
[Result "1-0"]
[WhiteElo "2558"]
[BlackElo "2281"]
[TimeControl "180+1"]
[EndTime "15:03:11 PDT"]
[Termination "mightysmasher won by resignation"]

1. e4 c5 2. c3 Nf6 3. e5 Nd5 4. d4 cxd4 5. cxd4 Nc6 6. Nf3 d6 7.
Bc4 Nb6 8. Bb5 e6 9. O-O Bd7 10. Nc3 a6 11. Bxc6 Bxc6 12. Be3 Nd5 13. Rc1 Nxc3 14.
Rxc3 Be7 15. exd6 Bxd6 16. Ne5 Bxe5 17. dxe5 Qxd1 18. Rxd1 O-O 19. Bc5 Rfd8 20. Bd6 Rac8 21. Rdc1 f6 22. f4 Kf7 23. g4 Bd7 24. Rc7 Ke8 25. h4 h6 26. Kf2 Rxc7 27. Rxc7 b6 28. Rb7 b5 29. Rb6 Rc8 30. Rxa6 Rc2+ 31. Ke3 Rxb2 32. Ra8+ Kf7 33. Rf8+ Kg6 34. h5+ Kh7 35.
Rf7 Be8 36. Re7 fxe5 37. Bxe5 Rxa2 38. Rxg7+ 1-0

[Event "Late-Titled-Tuesday-Blitz-June-04-2024"]
[Site "Chess.com"]
[Date "2024.06.04"]
[Round "6"]
[White "Chessdreamer2020"]
[Black "Onischuk_V"]
[Result "0-1"]
[WhiteElo "2549"]
[BlackElo "2857"]
[TimeControl "180+1"]
[EndTime "15:03:13 PDT"]
[Termination "Onischuk_V won by resignation"]

1. e4 d6 2. d4 Nf6 3. Nc3 g6 4. h3 Bg7 5. g4 O-O 6. Bg2 e5 7. Nge2 exd4 8. Nxd4 Nc6 9. Nde2 Re8 10. O-O Rb8 11.
Ng3 b5 12. a3 a5 13. g5 Nd7 14. f4 Nb6 15. Nxb5 Ba6 16. a4 Nxa4 17. Rxa4 Bxb5 18.
Ra3 Bxf1 19. Bxf1 Bxb2 20. Bxb2 Rxb2 21. Bc4 Qb8 22. Bb3 Qb6+ 23. Kg2 Qd4 24. Qc1 Nb4 25. Rxa5 Nxc2 26. Bxc2 Qc3 0-1

[Event "Late-Titled-Tuesday-Blitz-June-04-2024"]
[Site "Chess.com"]
[Date "2024.06.04"]
[Round "6"]
[White "ArtemDyachuk"]
[Black "whiteglovethief"]
[Result "1-0"]
[WhiteElo "2675"]
[BlackElo "2529"]
[TimeControl "180+1"]
[EndTime "15:03:19 PDT"]
[Termination "ArtemDyachuk won by resignation"]

1. e4 e6 2. d4 d5 3. Nc3 Bb4 4. e5 Ne7 5. a3 Bxc3+ 6. bxc3 c5 7. Qg4 Qc7 8. Qxg7 Rg8 9. Qxh7 cxd4 10. Qd3 dxc3 11.
Nf3 Nd7 12. Bf4 b6 13. h4 a5 14. Qh7 Bb7 15. h5 O-O-O 16. Qxf7 Nc5 17. h6 Rgf8 18. Qg7 Rxf4 19. h7 Rff8 20. h8=Q Rxh8 21. Rxh8 Rxh8 22.
Qxh8+ Kd7 23. Bb5+ Bc6 24. Nd4 Bxb5 25. Nxb5 Qc6 26. Nd6 Nb7 27. Qe8+ 1-0

[Event "Late-Titled-Tuesday-Blitz-June-04-2024"]
[Site "Chess.com"]
[Date "2024.06.04"]
[Round "6"]
[White "Felix-Rose"]
[Black "campochess"]
[Result "1/2-1/2"]
[WhiteElo "2336"]
[BlackElo "2176"]
[TimeControl "180+1"]
[EndTime "15:03:32 PDT"]
[Termination "Game drawn by repetition"]

1. e4 c5 2. Nf3 Nc6 3. d4 cxd4 4.
Nxd4 e5 5. Nb5 a6 6. Nd6+ Bxd6 7. Qxd6 Qe7 8. Qxe7+ Ngxe7 9. Nc3 d5 10. Nxd5 Nxd5 11. exd5 Nb4 12. Bd3 Nxd3+ 13. cxd3 Bf5 14. O-O O-O 15. f4 Bxd3 16. Rd1 e4 17. f5 Rfd8 18. f6 Rxd5 19. fxg7 Kxg7 20. b3 f5 21. Bb2+ Kg6 22. Rac1 Rad8 23. Rc7 R8d7 24. Rxd7 Rxd7 25. g3 Rc7 26. Rc1 Rxc1+ 27. Bxc1 b5 28. Kf2 a5 29. Ke3 a4 30. bxa4 bxa4 31. a3 Kg5 32. h3 Kf6 33.
Kd4 Ke6 34. Bf4 h5 35. h4 Bc2 36. Kc3 Bd3 37. Kd4 Bc2 38. Kc3 Bd3 39. Kd4 1/2-1/2

[Event "Late-Titled-Tuesday-Blitz-June-04-2024"]
[Site "Chess.com"]
[Date "2024.06.04"]
[Round "6"]
[White "Pachonpower"]
[Black "The_Straightforward_Rook"]
[Result "1/2-1/2"]
[WhiteElo "2377"]
[BlackElo "2534"]
[TimeControl "180+1"]
[EndTime "15:03:35 PDT"]
[Termination "Game drawn by repetition"]

1. d4 d5 2. Nf3 Nf6 3. e3 e6 4.
Nbd2 Be7 5. Bd3 Nbd7 6. O-O c5 7. c3 O-O 8. Qe2 Re8 9. e4 cxd4 10. cxd4 dxe4 11.
Nxe4 Nxe4 12. Qxe4 Nf6 13. Qh4 h6 14. Bxh6 gxh6 15.
Qxh6 Bf8 16. Qh4 Bg7 17. Rfe1 b6 18. Re5 Bb7 19. Rg5 Bxf3 20. gxf3 Kf8 21. Kh1 Ng8 22. Rag1 Qxd4 23. Qh7 Qf6 24. Rxg7 Qxf3+ 25. R1g2 Qd1+ 26. Bf1 Qxf1+ 27. Rg1 Qxf2 28. Rxg8+ Ke7 29. R8g2 Qf3 30. Qh4+ Kd7 31. Qd4+ Ke7 32. Qh4+ Kd7 33. Qd4+ Ke7 34. Qb4+ Kd7 35. Qd4+ 1/2-1/2

[Event "Late-Titled-Tuesday-Blitz-June-04-2024"]
[Site "Chess.com"]
[Date "2024.06.04"]
[Round "6"]
[White "Likvidator228"]
[Black "sokidze"]
[Result "0-1"]
[WhiteElo "2585"]
[BlackElo "2789"]
[TimeControl "180+1"]
[EndTime "15:03:42 PDT"]
[Termination "sokidze won by resignation"]

1. d4 Nf6 2. Bf4 d5 3. e3 e6 4. Nf3 Bd6 5. Bg3 O-O 6. Nbd2 c5 7. c3 Qc7 8. Ne5 Nbd7 9. f4 c4 10. Be2 b5 11. a3 Bb7 12. O-O Nb6 13. Bh4 Ne4 14. Nxe4 dxe4 15. Ng4 Nd5 16. Qd2 f6 17. h3 a5 18. f5 h5 19. Nf2 exf5 20. Bxh5 g5 21. Bg6 Ne7 22. Nxe4 Bxe4 23. Bh5 gxh4 24. Kh1 Nd5 25. Qe2 Kh8 26. Bg6 Kg7 27. Bxf5 Bxf5 28.
Rxf5 Ne7 29. Qg4+ Ng6 30. e4 Rae8 31. Raf1 Qe7 32. Rxb5 Qxe4 33. Qd7+ Qe7 34. Qc6 Rc8 35. Qd5 f5 36. Rb6 Rf6 37. Rb7 Bc7 38. Qxc4 Qd6 0-1

[Event "Late-Titled-Tuesday-Blitz-June-04-2024"]
[Site "Chess.com"]
[Date "2024.06.04"]
[Round "6"]
[White "laskakid"]
[Black "Smoking_Crow"]
[Result "0-1"]
[WhiteElo "2381"]
[BlackElo "2545"]
[TimeControl "180+1"]
[EndTime "15:03:42 PDT"]
[Termination "Smoking_Crow won by resignation"]

1. Nf3 d5 2. b3 Nf6 3. Bb2 c5 4. e3 Nc6 5. Bb5 e6 6. O-O Bd7 7. d4 cxd4 8. exd4 Bd6 9. Bd3 Qc7 10. Re1 Nb4 11. Ne5 Nxd3 12. Qxd3 O-O 13. Nd2 Rac8 14.
c4 dxc4 15. Ndxc4 Be7 16. Rac1 Qd8 17. Qe2 Bc6 18. Nxc6 Rxc6 19. Ne5 Rxc1 20. Rxc1 Nd5 21. Rc4 Bd6 22. h3 Qg5 23. Bc1 Qf5 24. Qc2 Qxc2 25. Rxc2 Rd8 26. Nf3 f6 27. Re2 Kf7 28. g3 Rc8 29. Bb2 b5 30. Kf1 b4 31. Ke1 a5 32.
Nd2 a4 33. Nc4 Bb8 34. Rc2 a3 35. Nxa3 bxa3 36. Rxc8 axb2 0-1

[Event "Late-Titled-Tuesday-Blitz-June-04-2024"]
[Site "Chess.com"]
[Date "2024.06.04"]
[Round "6"]
[White "krzyzan94"]
[Black "EsmeraldasAnderson03"]
[Result "1-0"]
[WhiteElo "2801"]
[BlackElo "2466"]
[TimeControl "180+1"]
[EndTime "15:03:44 PDT"]
[Termination "krzyzan94 won by resignation"]

1. d4 d5 2. Nf3 Nf6 3. Bf4 e6 4. e3 Bd6 5. Nbd2 O-O 6. Bd3 c5 7. c3 b6 8. h4 Bxf4 9. exf4 Ba6 10. Bxa6 Nxa6 11. Qe2 Nc7 12. h5 h6 13. Ne5 cxd4 14. cxd4 Nce8 15. g4 Ne4 16. Nxe4 dxe4 17. Qxe4 Nf6 18. Qe3 Nd5 19. Qd2 Rc8 20. Rh3 Qf6 21.
Nd7 Qxf4 22. Nxf8 Qxd4 23. Qxd4 1-0

[Event "Late-Titled-Tuesday-Blitz-June-04-2024"]
[Site "Chess.com"]
[Date "2024.06.04"]
[Round "6"]
[White "mohssenbinaddi"]
[Black "StoreySniper"]
[Result "0-1"]
[WhiteElo "2332"]
[BlackElo "2478"]
[TimeControl "180+1"]
[EndTime "15:03:45 PDT"]
[Termination "StoreySniper won by resignation"]

1. Nf3 g6 2. g3 Bg7 3. Bg2 d5 4. O-O c5 5. c4 d4 6. e3 Nc6 7.
exd4 cxd4 8. d3 e5 9. Re1 f6 10.
b4 Nxb4 11. Ba3 Nc6 12. Nbd2 Nge7 13. Ne4 O-O 14. Rb1 b6 15. c5 bxc5 16. Nxc5 Kh8 17. Nd2 Rb8 18. Rxb8 Nxb8 19. Qa4 Bf5 20. Qxa7 Nbc6 21.
Qa6 Qa8 22. Nc4 Qxa6 23. Nxa6 Bxd3 24. Bxc6 Nxc6 25. Bxf8 Bxf8 26. Nxe5 Nxe5 0-1

[Event "Late-Titled-Tuesday-Blitz-June-04-2024"]
[Site "Chess.com"]
[Date "2024.06.04"]
[Round "6"]
[White "HowTo2Draw"]
[Black "Revan_2002"]
[Result "1/2-1/2"]
[WhiteElo "2609"]
[BlackElo "2797"]
[TimeControl "180+1"]
[EndTime "15:03:47 PDT"]
[Termination "Game drawn by repetition"]

1. c4 e5 2. Nc3 Nf6 3. Nf3 Nc6 4.
g3 Bb4 5. Bg2 O-O 6. O-O Bxc3 7.
dxc3 Re8 8. c5 e4 9. Nd4 Ne5 10. Qc2 Ng6 11. Bg5 h6 12. Bxf6 Qxf6 13. Bxe4 d6 14. cxd6 Qxd6 15. Rad1 Qf6 16. Rfe1 c6 17. Bf5 Ne5 18. Bxc8 Raxc8 19. Qf5 Qe7 20. Qe4 g6 21. b3 Qf6 22. Qf4 Qg7 23. e4 h5 24. h3 Rcd8 25.
Kg2 f6 26. Qe3 Qf7 27. Nf3 Nxf3 28. Qxf3 Kg7 29. Qe3 b6 30. c4 Qe6 31. Rxd8 Rxd8 32. e5 fxe5 33. Qxe5+ Qxe5 34. Rxe5 Kf6 35. Re2 c5 36. g4 h4 37. Kf3 Rd3+ 38. Re3 Rd2 39. Re2 Rd3+ 40. Re3 Rd2 41. Re2 Rd3+ 1/2-1/2

[Event "Late-Titled-Tuesday-Blitz-June-04-2024"]
[Site "Chess.com"]
[Date "2024.06.04"]
[Round "6"]
[White "K_A_S_T_O_R"]
[Black "DreamsAreFake"]
[Result "1-0"]
[WhiteElo "2883"]
[BlackElo "2700"]
[TimeControl "180+1"]
[EndTime "15:03:50 PDT"]
[Termination "K_A_S_T_O_R won by resignation"]

1. e4 c6 2. d4 d5 3. exd5 cxd5 4.
c4 Nf6 5. Nc3 g6 6. cxd5 Bg7 7.
Bc4 O-O 8. Nge2 Nbd7 9. Nf4 Nb6 10. Bb3 Bf5 11. O-O g5 12. Nh5 Nxh5 13. Qxh5 h6 14.
h4 Bg6 15. Qg4 f5 16. Qe2 f4 17.
d6+ e6 18. Qxe6+ Bf7 19. Qe7 Bxb3 20. axb3 Bxd4 21. Qe6+ Kg7 22. Rd1 Bf6 23. hxg5 hxg5 24. Ra5 Qd7 25. Qxd7+ Nxd7 26. Nd5 a6 27. Nc7 Rae8 28.
Nxe8+ Rxe8 29. Kf1 Re4 30. Bd2 Rd4 31. Ke2 Re4+ 32.
Kd3 Rd4+ 33. Kc2 Rxd6 34. Bc3 Rxd1 35. Kxd1 Kg6 36. Rd5 Bxc3 37. Rxd7 Bxb2 38. Rxb7 Kf5 39. f3 a5 40. Rb5+ 1-0

[Event "Late-Titled-Tuesday-Blitz-June-04-2024"]
[Site "Chess.com"]
[Date "2024.06.04"]
[Round "6"]
[White "cassoulet"]
[Black "Rud_Makarian"]
[Result "0-1"]
[WhiteElo "2756"]
[BlackElo "2985"]
[TimeControl "180+1"]
[EndTime "15:03:51 PDT"]
[Termination "Rud_Makarian won by resignation"]

1. d4 Nf6 2. Bg5 d5 3. Bxf6 exf6 4. e3 c6 5. g3 Bd6 6. Nd2 O-O 7. Bg2 f5 8. Ne2 Nd7 9. O-O Nf6 10. c4 Be6 11.
Qc2 Ne4 12. cxd5 cxd5 13. Nc3 Rc8 14. Ndxe4 dxe4 15. Rfd1 b5 16. d5 Bd7 17. Qb3 b4 18. Ne2 Qa5 19. a4 bxa3 20. bxa3 Ba4 21. Qb1 Rb8 22. Qc1 Bxd1 23. Qxd1 Rb2 24. Bh3 g6 25. Bf1 Rd2 26. Qb3 Qxd5 27. Qxd5 Rxd5 28. a4 Be5 29. Rb1 Rfd8 30. Kg2 h5 31. Nf4 Bxf4 32. gxf4 Rd1 33. Rb7 R8d7 34. Rb8+ Kg7 35. Bb5 Rc7 36. Be2 Rd2 37.
Bb5 Rcc2 38. Rb7 Rxf2+ 39. Kg1 Rg2+ 40. Kf1 Rxh2 0-1